 Dungeon Crawl Stone Soup version 0.29-a0-243-g602b31c20e (webtiles) character file.

Game seed: 18035671338981212059

61 Crownlay the Magician (level 4, -1/32 HPs)
             Began as a Gnoll Hedge Wizard on Mar 4, 2022.
             Slain by a worm (8 damage)
             ... on level 2 of the Dungeon.
             The game lasted 00:02:55 (2753 turns).

Crownlay the Magician (Gnoll Hedge Wizard)          Turns: 2753, Time: 00:02:56

Health: -1/32      AC:  2    Str: 10    XL:     4   Next: 7%
Magic:  2/13       EV: 13    Int: 15    God:
Gold:   70         SH:  0    Dex: 11    Spells: 14/17 levels left

rFire   . . .      SeeInvis .   a - +0 dagger
rCold   . . .      Faith    .   (no shield)
rNeg    . . .      Spirit   .   b - +0 robe
rPois   .          Reflect  .   c - +0 hat
rElec   .          Harm     .   (no cloak)
rCorr   .          Rampage  .   (no gloves)
Will    .....                   (no boots)
Stlth   ++........              (no amulet)
HPRegen 0.10/turn               (no ring)
MPRegen 0.13/turn               (no ring)

@: no status effects
A: fangs 1, strong nose, distributed training
a: no special abilities


You were on level 2 of the Dungeon.
You visited 1 branch of the dungeon, and saw 2 of its levels.

You collected 70 gold pieces.

Inventory:

Hand Weapons
 a - a +0 dagger (weapon)
Armour
 b - a +0 robe (worn)
 c - a +0 hat (worn)
Scrolls
 g - a scroll of teleportation {unknown}
 h - a scroll of enchant armour {unknown}
 i - a scroll of identify {unknown}
 k - a scroll of noise {unknown}
Potions
 d - a potion of flight {unknown}
 e - a potion of heal wounds {unknown}
 f - a potion of lignification {unknown}
 j - a potion of mutation {unknown}


   Skills:
 + Level 1.0 Fighting
 + Level 1.0 Short Blades
 + Level 1.0 Long Blades
 + Level 1.0 Axes
 + Level 1.0 Maces & Flails
 + Level 1.0 Polearms
 + Level 1.0 Staves
 + Level 1.0 Slings
 + Level 1.0 Bows
 + Level 1.0 Crossbows
 + Level 1.0 Throwing
 + Level 1.0 Armour
 + Level 4.6 Dodging
 + Level 4.2 Stealth
 + Level 1.0 Shields
 + Level 1.0 Unarmed Combat
 + Level 7.2 Spellcasting
 + Level 2.2 Conjurations
 + Level 0.7 Hexes
 + Level 2.2 Summonings
 + Level 0.7 Necromancy
 + Level 2.2 Translocations
 + Level 0.7 Transmutations
 + Level 0.7 Fire Magic
 + Level 0.7 Ice Magic
 + Level 0.7 Air Magic
 + Level 0.7 Earth Magic
 + Level 0.7 Poison Magic
 + Level 1.1 Invocations
 + Level 1.0 Evocations


You had 14 spell levels left.
You knew the following spells:

 Your Spells              Type           Power      Damage    Failure   Level
a - Magic Dart            Conj           48%        1d5       5%          1
b - Blink                 Tloc           24%        N/A       8%          2

Your spell library contained the following spells:

 Spells                   Type           Power      Damage    Failure   Level
 Call Imp                 Summ           12%        N/A       8%          2
 Slow                     Hex            28%        N/A       10%         1
 Corpse Rot               Necr/Air       14%        N/A       14%         2
 Poisonous Vapours        Pois/Air       14%        N/A       14%         2
 Conjure Flame            Conj/Fire      9%         6-21      22%         3
 Mephitic Cloud           Conj/Pois/Air  9%         N/A       24%         3


Dungeon Overview and Level Annotations

Branches:
Dungeon (2/15)

Altars:

Shops:
D:1 (

Annotations:
D:2 Robin


Innate Abilities, Weirdness & Mutations

You have very sharp teeth.
Your uncanny sense of smell can sniff out nearby items.
Your experience applies equally to all skills.


Message History

The worm is moderately wounded.
The magic dart hits the worm.
The worm is moderately wounded.
You are too depleted to draw on your mana recklessly!
The worm bites you.
You hit the worm. You bite the worm, but do no damage.
The worm is moderately wounded.
You completely miss the worm.
The worm is moderately wounded.
The worm closely misses you.
You hit the worm.
The worm is moderately wounded.
You hit the worm. You punch the worm.
The worm is heavily wounded.
The worm bites you!
You are too injured to fight recklessly!
You are too injured to fight recklessly!
You are too injured to fight recklessly!
You are too injured to fight recklessly!
You are too injured to fight recklessly!
You hit the worm but do no damage. You bite the worm.
The worm is heavily wounded.
You hit the worm.
The worm is severely wounded.
The worm closely misses you.
You barely miss the worm.
The worm is heavily wounded.
You barely miss the worm.
The worm is heavily wounded.
The worm misses you.
You hit the worm but do no damage.
The worm is heavily wounded.
You hit the worm.
The worm is severely wounded.
The worm bites you!
* * * LOW HITPOINT WARNING * * *
You hit the worm. You bite the worm, but do no damage.
The worm is severely wounded.
The worm bites you!
You die...

..g #. .... #
∆#. ####... #.
###..... #. ∆
.....†# #.
#.....# #
#.....#
#..##)†..#
#....<@w†#
#.######.)....
..... .... ∆
... .. #


You could see a worm.

Vanquished Creatures
  A dart slug (D:1)
  4 endoplasms (D:1)
  3 giant cockroaches (D:2)
  11 goblins
  6 hobgoblins
  6 jackals
  7 kobolds
  4 ball pythons
  4 bats (D:1)
  3 frilled lizards (D:1)
  4 rats (D:1)
53 creatures vanquished.

Notes
Turn   | Place    | Note
-------+----------+-------------------------------------------
     0 | D:1      | Crownlay the Gnoll Hedge Wizard began the quest for the
                  | Orb.
     0 | D:1      | Reached XP level 1. HP: 13/13 MP: 8/8
   407 | D:1      | Reached XP level 2. HP: 12/19 MP: 2/10
   419 | D:1      | Learned a level 2 spell: Blink
  1100 | D:1      | Found Qohefryn's Weapon Shoppe.
  1204 | D:1      | Reached XP level 3. HP: 25/25 MP: 8/11
  1744 | D:1      | Reached skill level 1 in Invocations
  2301 | D:2      | Noticed Robin
  2328 | D:1      | HP: 1/25 [goblin/+0 club[Robin] (4)]
  2331 | D:1      | Reached skill level 1 in Fighting
  2331 | D:1      | Reached skill level 1 in Short Blades
  2331 | D:1      | Reached skill level 1 in Long Blades
  2331 | D:1      | Reached skill level 1 in Axes
  2331 | D:1      | Reached skill level 1 in Maces & Flails
  2331 | D:1      | Reached skill level 1 in Polearms
  2331 | D:1      | Reached skill level 1 in Staves
  2331 | D:1      | Reached skill level 1 in Slings
  2331 | D:1      | Reached skill level 1 in Bows
  2331 | D:1      | Reached skill level 1 in Crossbows
  2331 | D:1      | Reached skill level 1 in Throwing
  2331 | D:1      | Reached skill level 1 in Armour
  2331 | D:1      | Reached skill level 1 in Shields
  2331 | D:1      | Reached skill level 1 in Unarmed Combat
  2331 | D:1      | Reached skill level 1 in Evocations
  2691 | D:2      | Reached XP level 4. HP: 32/32 MP: 4/13
  2753 | D:2      | Slain by a worm

Illustrated notes

Levels and vault maps discovered:
D:1:      kennysheep_arrival_forest, layout_basic, serial_shops,
          nicolae_diamond_shop, minmay_3d_cube
D:2:      layout_basic, basic_altar, uniq_jessica, uniq_robin

Skill      XL: |  1  2  3 |
---------------+----------+-----
Conjurations   | 2 |  2.2
Summonings     | 2 |  2.2
Translocations | 2 |  2.2
Invocations    | 1 |  1.1
Fighting       | 1 |  1.0
Short Blades   | 1 |  1.0
Long Blades    | 1 |  1.0
Axes           | 1 |  1.0
Maces & Flails | 1 |  1.0
Polearms       | 1 |  1.0
Staves         | 1 |  1.0
Slings         | 1 |  1.0
Bows           | 1 |  1.0
Crossbows      | 1 |  1.0
Throwing       | 1 |  1.0
Armour         | 1 |  1.0
Shields        | 1 |  1.0
Unarmed Combat | 1 |  1.0
Evocations     | 1 |  1.0
Dodging        | |  4.6
Stealth        | |  4.2
Spellcasting   | |  7.2
Hexes          | |  0.7
Necromancy     | |  0.7
Transmutations | |  0.7
Fire Magic     | |  0.7
Ice Magic      | |  0.7
Air Magic      | |  0.7
Earth Magic    | |  0.7
Poison Magic   | |  0.7

Action                   |  1- 3 |  4- 6 || total
-------------------------+-------+-------++-------
Melee: Dagger            |    32 |    26 ||    58
       Bite              |     3 |     4 ||     7
       Punch             |       |     1 ||     1
 Cast: Magic Dart        |   102 |    10 ||   112
Armor: Robe              |    12 |     3 ||    15
Dodge: Dodged            |    49 |    19 ||    68

Table legend: (Time is in decaauts)
 A = Elapsed time spent in this place.
 B = Non-inter-level travel time spent in this place.
 C = Inter-level travel time spent in this place.
 D = Time resting spent in this place.
 E = Time spent auto-exploring this place.
 F = Levels seen in this place.
 G = Mean time per level.
                   A        B        C        D        E       F      G
               +--------+--------+--------+--------+--------+-----+--------+
         Total |   2751 |   2712 |     39 |      0 |   2422 |   2 | 1375.5 |
       Dungeon |   2751 |   2712 |     39 |      0 |   2422 |   2 | 1375.5 |
               +--------+--------+--------+--------+--------+-----+--------+

Top non-repeatable levels by time:
     D:1: 2425 daAuts
     D:2: 326 daAuts
